 Dungeon Crawl Stone Soup version 0.26.0-18-gc5c842f807 (webtiles) character file.

Game seed: 11489418816184075039

57 kaeus the Firebug (level 4, -1/24 HPs)
             Began as a Gargoyle Fire Elementalist on Jan 23, 2021.
             Killed from afar by an orc wizard (6 damage)
             ... with a puff of frost
             ... on level 2 of the Dungeon.
             The game lasted 00:02:57 (1963 turns).

kaeus the Firebug (Gargoyle Fire Elementalist)      Turns: 1963, Time: 00:02:58

Health: -1/24      AC:  6    Str: 12    XL:     4   Next: 0%
Magic:  4/7        EV: 11    Int: 16    God:
Gold:   113        SH:  0    Dex: 10    Spells: 7/8 levels left

rFire    . . .     SeeInvis .   d - +0 dagger
rCold    . . .     Faith    .   (no shield)
rNeg     + . .     Spirit   .   b - +0 leather armour
rPois    ∞         Reflect  .   (no helmet)
rElec    +         Harm     .   (no cloak)
rCorr    +         Rampage  .   (no gloves)
Will     .....                  (no boots)
Stlth    ++........             (no amulet)
HPRegen  0.08/turn              g - ring of resist corrosion
MPRegen  0.10/turn              (no ring)

@: no status effects
A: negative energy resistance 1, electricity resistance, unbreathing,
petrification resistance, miasma immunity, AC +3
a: no special abilities


You were on level 2 of the Dungeon.
You visited 1 branch of the dungeon, and saw 2 of its levels.

You collected 113 gold pieces.

Inventory:

Hand Weapons
 d - a +0 dagger (weapon)
Armour
 b - a +0 leather armour (worn)
Jewellery
 g - a ring of resist corrosion (left hand)
Scrolls
 c - a scroll of teleportation {unknown}
 e - a scroll of enchant weapon {unknown}
 f - a scroll of identify {unknown}
 h - 3 scrolls of enchant armour {unknown}
 l - a scroll of remove curse {unknown}
Potions
 a - 2 potions of heal wounds {unknown}
 i - a potion of haste {unknown}
 j - a potion of ambrosia {unknown}
 k - a potion of curing {unknown}


   Skills:
 - Level 1.5 Dodging
 - Level 2.1 Stealth
 + Level 2.5 Spellcasting
 + Level 2.1 Conjurations
 * Level 3.9 Fire Magic


You had 7 spell levels left.
You knew the following spells:

 Your Spells              Type           Power        Failure   Level
a - Foxfire               Conj/Fire      44%          7%          1

Your spell library contained the following spells:

 Spells                   Type           Power        Failure   Level
 Conjure Flame            Conj/Fire      11%          22%         3
 Inner Flame              Hex/Fire       8%           32%         3
 Sticky Flame             Conj/Fire      11%          56%         4
 Fireball                 Conj/Fire      5%           89%         5


Dungeon Overview and Level Annotations

Branches:
Dungeon (2/15)

Altars:
Xom


Innate Abilities, Weirdness & Mutations

You are resistant to torment.
Your stone body is resilient. (AC +3)
You are immune to poison.
You resist negative energy. (rN+)
You are resistant to electric shocks. (rElec)
You can survive without breathing.
You are immune to petrification.
You are immune to miasma.


Message History

You hit the orc.
The orc is severely wounded.
You closely miss the orc wizard. You miss the orc wizard.
The orc wizard closely misses you.
You miss the orc wizard. The orc wizard casts a spell at you.
The puff of frost hits you!
You take 8 damage, and have 13/24 hp.
MASSIVE DAMAGE!!
You closely miss the orc wizard. The orc wizard barely misses you.
You hit the orc wizard but do no damage.
The orc wizard hits you but does no damage.
You hit the orc wizard but do no damage.
The orc priest mumbles some strange prayers to Beogh against you.
Beogh smites you!
* * * LOW HITPOINT WARNING * * *
The orc wizard hits you but does no damage.
You take 8 damage, and have 5/24 hp.
MASSIVE DAMAGE!!
The orc wizard points at you and mumbles some strange words.
The puff of frost hits you.
You die...

#.### #.......#......... ....#
#.......######+#.. #.##.###.#.#
#................. ..#.#...#.#
#.#####...........
##.#.#.#.#.#####.#####...........
.................................
###..#.#......##.##########......
#..#.#......##........ +......
####.#.#......##@####### #......
..............'...ooo..# #......
####.#.....[..########.##########
#.#.##.....# #.)....$..
#.#........# #.........
####..####)#'## #.........
......## #.#.# #.........
#####..# #.#.# #o.......$ ##.#
#.#.# #......g..


You could see an orc priest, an orc wizard and an orc.

Vanquished Creatures
  An adder (D:2)
  An ooze (D:2)
  A worm (D:2)
  A dart slug (D:1)
  2 leopard geckos (D:1)
  An orc (D:2)
  4 giant cockroaches
  3 goblins (D:1)
  5 hobgoblins
  A quokka (D:2)
  4 bats (D:1)
  2 frilled lizards (D:1)
  5 kobolds
  6 rats
37 creatures vanquished.

Vanquished Creatures (others)
  91 foxfires
  4 plants (D:1)
95 creatures vanquished.

Grand Total: 132 creatures vanquished

Notes
Turn   | Place    | Note
-------+----------+-------------------------------------------
     0 | D:1      | kaeus the Gargoyle Fire Elementalist began the quest for
                  | the Orb.
     0 | D:1      | Reached XP level 1. HP: 10/10 MP: 3/3
   240 | D:1      | Reached XP level 2. HP: 15/15 MP: 0/5
   894 | D:1      | Reached XP level 3. HP: 19/19 MP: 3/6
  1888 | D:2      | Found a shimmering altar of Xom.
  1944 | D:2      | Reached XP level 4. HP: 24/24 MP: 2/7
  1963 | D:2      | Killed from afar by an orc wizard

Illustrated notes

Levels and vault maps discovered:
D:1:      denvon_arrival_planthouse, layout_basic
D:2:      minmay_roachtagon, layout_basic, xom_teletrap_fun,
          chequers_ecumenical_altar_simple_redux

Skill      XL: |  1  2  3 |
---------------+----------+-----
Conjurations   | 2 |  2.1
Dodging        | |  1.5
Stealth        | |  2.1
Spellcasting   | |  2.5
Fire Magic     | |  3.9

Action                   |  1- 3 |  4- 6 || total
-------------------------+-------+-------++-------
Melee: Dagger            |    89 |    10 ||    99
       Unarmed           |     1 |       ||     1
 Cast: Foxfire           |    71 |       ||    71
Armor: Leather armour    |    35 |     2 ||    37
       Robe              |     1 |       ||     1
Dodge: Dodged            |    68 |     2 ||    70
